 Dungeon Crawl Stone Soup version 0.23-a0-183-gf37f6fb (webtiles) character file.

3518 Felrender the Carver (level 9, -2/121 HPs)
             Began as a Minotaur Fighter on Sept 22, 2018.
             Was an Initiate of Trog.
             Slain by an 11-headed hydra (10 damage)
             ... on level 8 of the Dungeon.
             The game lasted 00:19:15 (7202 turns).

Felrender the Carver (Minotaur Fighter)             Turns: 7202, Time: 00:19:17

Health: -2/121     AC: 24    Str: 22    XL:     9   Next: 81%
Magic:  8/8        EV:  2    Int:  5    God:    Trog [......]
Gold:   492        SH:  0    Dex: 12    Spells: 8/8 levels left

rFire    . . .     SeeInvis .   u - +0 dire flail (protect)
rCold    . . .     Gourm    .   (shield currently unavailable)
rNeg     + + +     Faith    .   (armour currently unavailable)
rPois    +         Spirit   .   (helmet currently unavailable)
rElec    .         Reflect  .   (cloak currently unavailable)
rCorr    .         Harm     .   (gloves currently unavailable)
MR       .....     NoTele   +   (boots currently unavailable)
Stlth    +.........             (no amulet)
HPRegen  0.30/turn              i - ring of flight
MPRegen  0.11/turn              l - ring of positive energy

@: tree-form
A: (retaliatory headbutt)
a: Renounce Religion


You were on level 8 of the Dungeon.
You worshipped Trog.
Trog was noncommittal.
You were not hungry.
You were a tree.
You visited 2 branches of the dungeon, and saw 9 of its levels.
You also visited: Ossuary.

You collected 492 gold pieces.

Inventory:

Hand Weapons
 e - a +0 hunting sling
 r - a +3 great sword
 u - a +0 dire flail of protection (weapon)
 z - a +0 great sword
Armour
 b - a +0 scale mail
 c - a +0 shield
 m - a +0 cloak (melded)
 s - the cursed +0 chain mail of a labyrinth {rPois rF+ Str-2 Slay+4, unknown}
   (You found it on level 8 of the Dungeon)

   It affects your strength (-2).
   It affects your accuracy and damage with ranged weapons and melee attacks
   (+4).
   It protects you from fire.
   It protects you from poison.
   It has a curse placed upon it.
 v - a +0 pair of boots (melded)
 y - a +0 leather armour of fire resistance
 B - a +0 plate armour (melded)
 D - the +3 ring mail of the Abyss {*Drain rF+++ rN+++ Str-4, unknown}
   (You found it on level 8 of the Dungeon)

   It affects your strength (-4).
   It renders you almost immune to fire.
   It renders you almost immune to negative energy.
   It causes draining when unequipped.
Magical Staves
 x - an uncursed staff of energy
Jewellery
 i - a ring of flight (left branch)
 l - a ring of positive energy (right branch)
 E - the ring of Tade {rF+ rC+ MR++, unknown}
   (You found it on level 8 of the Dungeon)

   [ring of protection from fire]

   It protects you from fire.
   It protects you from cold.
   It affects your resistance to hostile enchantments.
Wands
 a - a wand of flame (28)
 d - a wand of random effects (47)
Scrolls
 j - 6 scrolls of remove curse
 o - a scroll of fog
 p - 6 scrolls of teleportation
Potions
 g - a potion of berserk rage
 h - 5 potions of flight
 k - 3 potions of haste
 n - 3 potions of curing
 q - a potion of brilliance
 t - 2 potions of agility
 A - a potion of lignification
Comestibles
 f - 16 rations
 C - 3 chunks of flesh


   Skills:
 + Level 7.8 Fighting
 + Level 12.1 Long Blades
 + Level 8.3 Armour
 + Level 3.3 Dodging
 + Level 0.6 Stealth
 + Level 5.1 Shields


You had 8 spell levels left.
You didn't know any spells.
Your spell library was empty.

Dungeon Overview and Level Annotations

Branches:
Dungeon (8/15)             Temple (1/1) D:6
   Lair: D:8-11

Altars:
Ashenzari
Cheibriados
Dithmenos
Elyvilon
Fedhas
Gozag
Hepliaklqana
Kikubaaqudgha
Makhleb
Nemelex Xobeh
Okawaru
Qazlal
Ru
Sif Muna
Trog
Uskayaw
Vehumet
Wu Jian
Xom
Yredelemnul
Zin
The Shining One

Annotations:
D:8 Snicker's ghost, novice SpEn


Innate Abilities, Weirdness & Mutations

((You reflexively headbutt those who attack you in melee.))
((You have a pair of horns on your head.))


Message History

You barely miss the 11-headed hydra.
The 11-headed hydra is moderately wounded.
The 11-headed hydra bites you but does no damage.
The 11-headed hydra barely misses you.
The 11-headed hydra bites you but does no damage. x2
The 11-headed hydra barely misses you.
The 11-headed hydra bites you but does no damage.
The 11-headed hydra bites you.
* * * LOW HITPOINT WARNING * * *
The 11-headed hydra bites you but does no damage. x2
The 11-headed hydra bites you.
* * * LOW HITPOINT WARNING * * *
The 11-headed hydra bites you but does no damage.
The 11-headed hydra bites you!
* * * LOW HITPOINT WARNING * * *
The 11-headed hydra bites you but does no damage.
The 11-headed hydra bites you.
* * * LOW HITPOINT WARNING * * *
The 11-headed hydra bites you!
You die...

#.###......#.....# #.#
#...............## #.#
#####..........######.#
##................#
######....########
####.# #.# #.# #♣# #D#
#W#
#######.############
...>..#......).....#
#....#########.#
##.....# #.#
####.....## #.# #
#........## #.# #


You could see a 11-headed hydra and Snicker's ghost.

Vanquished Creatures
  Prince Ribbit (D:6)
  Grinder (D:6)
  3 hungry ghosts (D:7)
  Edmund (D:5)
  An orc warrior (D:7)
  A sky beast (D:6)
  An ice beast (D:6)
  A black bear (D:7)
  A necrophage (D:8)
  3 ogres (D:6)
  A centaur (D:6)
  2 big kobolds
  4 elf zombies (Ossuary)
  3 bullfrogs
  A scorpion (D:5)
  2 howler monkeys
  4 crimson imps
  2 centaur zombies (Ossuary)
  3 hounds
  6 human zombies (Ossuary)
  3 orc priests
  2 jellies
  3 orc wizards
  An iguana (D:4)
  4 worker ants
  A hound skeleton (D:3)
  3 mummies (Ossuary)
  Robin (D:4)
  11 adders
  3 shadow imps
  2 worms
  2 dart slugs
  8 leopard geckos
  19 orcs
  A ball python (D:3)
  5 bats
  11 giant cockroaches
  14 goblins
  4 hobgoblins
  2 jackals (D:3)
  10 kobolds
  4 quokkas
  7 frilled lizards
  5 rats
168 creatures vanquished.

Notes
Turn   | Place    | Note
-------+----------+-------------------------------------------
     0 | D:1      | Felrender the Minotaur Fighter began the quest for the Orb.
     0 | D:1      | Reached XP level 1. HP: 19/19 MP: 0/0
   305 | D:1      | Reached XP level 2. HP: 27/27 MP: 1/1
   619 | D:2      | Reached XP level 3. HP: 28/33 MP: 2/2
   905 | D:2      | Reached skill level 3 in Long Blades
   949 | D:2      | Reached XP level 4. HP: 35/41 MP: 3/3
  1191 | D:3      | Found a white marble altar of Elyvilon.
  1316 | D:3      | Noticed a big kobold
  1324 | D:3      | Killed a big kobold
  1324 | D:3      | Reached skill level 4 in Long Blades
  1324 | D:3      | Reached skill level 1 in Dodging
  1324 | D:3      | Reached XP level 5. HP: 40/47 MP: 4/4
  2429 | D:4      | Noticed Robin
  2459 | D:4      | Reached skill level 5 in Armour
  2461 | D:4      | Killed Robin
  2461 | D:4      | Reached skill level 5 in Shields
  2723 | D:4      | Found a sparkling altar of Nemelex Xobeh.
  2781 | D:4      | Reached XP level 6. HP: 41/53 MP: 5/5
  2966 | D:4      | Found a glowing silver altar of Zin.
  2992 | D:5      | Entered Level 5 of the Dungeon
  2995 | D:5      | Reached skill level 5 in Long Blades
  3428 | D:5      | Reached skill level 6 in Long Blades
  3428 | D:5      | Reached XP level 7. HP: 39/60 MP: 6/6
  3684 | D:5      | Noticed Edmund
  3697 | D:5      | Killed Edmund
  3697 | D:5      | Reached skill level 5 in Fighting
  4017 | D:6      | Reached skill level 7 in Long Blades
  4038 | D:6      | Noticed Grinder
  4047 | D:6      | Killed Grinder
  4047 | D:6      | Reached XP level 8. HP: 34/69 MP: 7/7
  4088 | D:6      | Reached skill level 8 in Long Blades
  4092 | D:6      | Noticed Prince Ribbit
  4424 | D:6      | Found a sand-covered staircase.
  4431 | Ossuary  | Entered an ossuary
  4571 | Ossuary  | Reached skill level 9 in Long Blades
  4813 | D:6      | Reached skill level 10 in Long Blades
  4814 | D:6      | Found a radiant altar of Vehumet.
  4814 | D:6      | Found a sacrificial altar of Ru.
  4854 | D:6      | Reached XP level 9. HP: 63/78 MP: 8/8
  4993 | D:6      | Found a staircase to the Ecumenical Temple.
  5169 | D:6      | Killed Prince Ribbit
  5169 | D:6      | Reached skill level 11 in Long Blades
  5313 | Temple   | Entered the Ecumenical Temple
  5507 | Temple   | Became a worshipper of Trog the Wrathful
  5712 | D:7      | Paralysed by fainting for 11 turns
  6574 | D:8      | Found a burning altar of Makhleb.
  6738 | D:8      | Got a transparent chain mail
  6794 | D:8      | Reached skill level 12 in Long Blades
  7079 | D:8      | Got an ichor-stained ring mail
  7156 | D:8      | Got a coiled turquoise ring
  7174 | D:8      | Found a runed gate.
  7174 | D:8      | Found a runed gate.
  7175 | D:8      | Found a runed gate.
  7176 | D:8      | Noticed Snicker's ghost (novice SpEn)
  7176 | D:8      | Noticed an 11-headed hydra
  7202 | D:8      | Slain by an 11-headed hydra

Vault maps used:
D:1:      onia_arrival_pyramid
D:2:      minmay_pentomino_s2
D:3:      overflow_temple_1_default
D:4:      kennysheep_mini, overflow_temple_1_default, uniq_robin
D:5:      first_ration, minmay_strange_pillars, kennysheep_boxes, uniq_edmund
D:6:      chequers_temple_overflow_statue_of_worship, temple_doors_cd,
          nicolae_ossuary_entry_monument, kennysheep_generic_room_11,
          uniq_grinder, uniq_prince_ribbit1
D:8:      lemuel_round_altar, gammafunk_ghost_hydra_chop
Temple:   regret_index_temple_sphere_string
Ossuary:  ossuary_minmay_four_chambers

Skill      XL: |  1  2  3  4  5  6  7  8  9 |
---------------+----------------------------+-----
Fighting       | 4 5 6 7 |  7.8
Armour         | 4 5 6 7 8 |  8.3
Shields        | 4 5 |  5.1
Long Blades    | 3 4 6 7 10 12 | 12.1
Dodging        | 1 2 3 |  3.3
Stealth        | |  0.6

Action                   |  1- 3 |  4- 6 |  7- 9 || total
-------------------------+-------+-------+-------++-------
Melee: Long sword        |    65 |    74 |       ||   139
       Headbutt          |    10 |    28 |    57 ||    95
       Great sword       |       |    79 |   246 ||   325
       Dire flail        |       |       |     4 ||     4
  Use: Scroll            |     4 |     7 |    15 ||    26
       Potion            |       |     3 |     2 ||     5
  Eat: Chunk             |       |     5 |     8 ||    13
       Ration            |       |     1 |     4 ||     5
Armor: Scale mail        |    31 |    80 |    69 ||   180
       Skin              |       |     5 |    26 ||    31
       Plate armour      |       |       |   140 ||   140
Dodge: Dodged            |    22 |    81 |   120 ||   223
Block: Shield            |    35 |    46 |       ||    81
       Rpst.: Long sword |     7 |     5 |       ||    12
       Great sword       |       |    15 |    33 ||    48

Table legend:
 A = Non-vault XP
 B = Vault XP
 C = Vault XP percentage of total XP
 D = Non-vault monster count
 E = Vault monster count
 F = Vault count percentage of total count
                 A         B        C        D         E       F
            +---------+---------+-------+---------+---------+-------
      Total |    3448 |    1578 |  31.4 |     136 |      32 |  19.0
            +---------+---------+-------+---------+---------+-------
        D:1 |      19 |       0 |   0.0 |      11 |       0 |   0.0
        D:2 |      73 |      14 |  16.1 |      15 |       2 |  11.8
        D:3 |     219 |       0 |   0.0 |      29 |       0 |   0.0
        D:4 |      90 |      37 |  29.1 |       4 |      12 |  75.0
        D:5 |     476 |     164 |  25.6 |      23 |       1 |   4.2
        D:6 |    1024 |     548 |  34.9 |      18 |       2 |  10.0
        D:7 |    1067 |       0 |   0.0 |      22 |       0 |   0.0
        D:8 |     480 |       0 |   0.0 |      14 |       0 |   0.0
    Ossuary |       0 |     815 | 100.0 |       0 |      15 | 100.0
            +---------+---------+-------+---------+---------+-------
